 Dungeon Crawl Stone Soup version 0.27-a0-1181-g5f64966fcc (webtiles) character file.

Game seed: 16496425966468285980

14 freelancePsychic the Ducker (level 2, -2/14 HPs)
             Began as a Felid Berserker on May 18, 2021.
             Was a Follower of Trog.
             Slain by an adder (4 damage)
             ... on level 2 of the Dungeon.
             The game lasted 00:02:00 (330 turns).

freelancePsychic the Ducker (Felid Berserker)        Turns: 330, Time: 00:02:01

Health: -2/14      AC:  1    Str: 13    XL:     2   Next: 31%
Magic:  3/3        EV: 19    Int:  8    God:    Trog [*.....]
Gold:   10         SH:  0    Dex: 15    Spells: 1/1 levels left
                                        Lives:  0   Deaths: 0

rFire    . . .     SeeInvis +     - Unarmed
rCold    . . .     Faith    .   (shield unavailable)
rNeg     . . .     Spirit   .   (armour unavailable)
rPois    .         Reflect  .   (helmet unavailable)
rElec    .         Harm     .   (cloak unavailable)
rCorr    .         Rampage  .   (gloves unavailable)
Will     .....                  (boots unavailable)
Stlth    ++........             (no amulet)
HPRegen  0.04/turn              c - +4 ring of evasion
MPRegen  0.08/turn              (no ring)

@: on berserk cooldown, constricted, quick
A: very small, claws 1, fangs 3, see invisible, speed 1, shaggy fur 1, stealthy
paws, no weapons or thrown items, no armour, multi-lived
a: Renounce Religion, Berserk


You were on level 2 of the Dungeon.
You worshipped Trog.
Trog was aware of your devotion.
You visited 1 branch of the dungeon, and saw 2 of its levels.

You collected 10 gold pieces.

Inventory:

Jewellery
 c - a +4 ring of evasion (left paw)
Potions
 b - a potion of berserk rage


   Skills:
 + Level 3.1 Fighting
 + Level 4.2 Dodging
 + Level 1.1 Stealth
 * Level 3.3 Unarmed Combat


You had one spell level left.
You didn't know any spells.
Your spell library was empty.

Dungeon Overview and Level Annotations

Branches:
Dungeon (1/15)

Altars:


Innate Abilities, Weirdness & Mutations

You have sharp claws.
You have razor-sharp teeth.
You have supernaturally acute eyesight. (SInv)
You cover ground quickly. (Speed+)
You are covered in fur. (AC +1)
Your paws help you pounce on unaware monsters.
You are incapable of wielding weapons or throwing items.
You cannot wear armour.
You gain extra lives every three experience levels.


Message History

The kobold barely misses you. The adder completely misses you.
Found 6 gold pieces.
The adder misses you. The adder completely misses you.
A quokka comes into view.
The adder misses you. The adder misses you. The adder barely misses you.
The adder closely misses you.
The quokka twitches its whiskers.
The kobold misses you. The adder completely misses you. The adder bites you.
The adder completely misses you. The ball python barely misses you.
The ball python completely misses you. The adder misses you.
You feel yourself speed up. The adder completely misses you.
The adder misses you.
The ball python completely misses you. x2
Okay, then.
You aren't carrying any scrolls.
The kobold completely misses you. The ball python completely misses you.
The ball python misses you.
You claw the kobold!
You kill the kobold!
Trog accepts your kill. The adder bites you.
The ball python completely misses you. The ball python barely misses you.
You barely miss the quokka. The quokka misses you.
The adder closely misses you.
The ball python bites you but does no damage.
The ball python grabs you. The ball python constricts you.
You claw the quokka!
You kill the quokka!
Trog accepts your kill. The adder closely misses you.
The ball python bites you.
* * * LOW HITPOINT WARNING * * *
x2 The ball python constricts you.
The adder bites you.
You die...

.####.....##
## ##.....#
###...#
#...# ##..##
#...######
#........#
#......SS#
#......)@#
##########


You could see an adder and a ball python.

Vanquished Creatures
  An adder (D:2)
  An endoplasm (D:1)
  A goblin (D:1)
  A kobold (D:2)
  A quokka (D:2)
  A frilled lizard (D:1)
6 creatures vanquished.

Notes
Turn   | Place    | Note
-------+----------+-------------------------------------------
     0 | D:1      | freelancePsychic the Felid Berserker began the quest for
                  | the Orb.
     0 | D:1      | Reached XP level 1. HP: 10/10 MP: 2/2
   280 | D:1      | You fall into a shaft and drop 1 floor!
   290 | D:2      | Reached skill level 1 in Stealth
   290 | D:2      | Reached XP level 2. HP: 14/14 MP: 3/3
   330 | D:2      | Slain by an adder

Illustrated notes

Levels and vault maps discovered:
D:1:      matt_arrival_spirals, layout_loops_ring, minmay_misc_feat_cross
D:2:      layout_rooms, basic_altar

Skill      XL: |  1 |
---------------+----+-----
Stealth        | 1 |  1.1
Fighting       | |  3.1
Dodging        | |  4.2
Unarmed Combat | |  3.3

Action                   || total
-------------------------++-------
Melee: Unarmed           ||    14
Invok: Berserk           ||     3
  Use: Scroll            ||     1
Armor: Skin              ||     1
Dodge: Dodged            ||    48

Table legend: (Time is in decaauts)
 A = Elapsed time spent in this place.
 B = Non-inter-level travel time spent in this place.
 C = Inter-level travel time spent in this place.
 D = Time resting spent in this place.
 E = Time spent auto-exploring this place.
 F = Levels seen in this place.
 G = Mean time per level.
                   A        B        C        D        E       F      G
               +--------+--------+--------+--------+--------+-----+--------+
         Total |    319 |    319 |      0 |    115 |    133 |   2 |  159.5 |
       Dungeon |    319 |    319 |      0 |    115 |    133 |   2 |  159.5 |
               +--------+--------+--------+--------+--------+-----+--------+

Top non-repeatable levels by time:
     D:1: 268 daAuts
     D:2: 51 daAuts
